Map: Frozen Temple

Players

thePhoenix

  • Race: Protoss Protoss
  • League: Silver
  • Spawn Location: 11:00

Fropez - Winner!

  • Race: Protoss Protoss
  • League: Gold
  • Spawn Location: 5:00

VOD

Have the link to the VOD?

Description

Time

  • Played on: Nov. 15, 2016, 3:05 p.m.
  • Length: 14:27
Show
View Real Time Build Order
Export as new Build Order

thePhoenix Protoss 

Build Orders:  

Get SALT Encoding   

  12  0:02  Probe (Chrono Boost)  
  13  0:13  Probe (Chrono Boost)  
  14  0:20  Pylon  
  14  0:25  Probe (Chrono Boost)  
  15  0:39  Gateway  
  15  0:47  Probe (Chrono Boost)  
  16  0:53  Assimilator  
  16  0:58  Probe (Chrono Boost), Assimilator  
  18  1:25  Probe (Chrono Boost)  
  18  1:40  Cybernetics Core  
  18  1:43  Gateway  
  18  1:45  Forge  
  18  2:00  Pylon  
  18  2:25  Mothership Core (Chrono Boost)  
  18  2:26  Warp Gate  
  20  2:35  Protoss Ground Weapons Level 1 (Chrono Boost)  
  20  2:39  Stalker  
  22  2:51  Stalker  
  24  3:07  Pylon  
  24  3:15  Probe  
  24  3:18  Stalker  
  27  3:32  Stalker  
  29  3:37  Probe  
  29  3:49  Pylon  
  29  4:06  Stalker  
  31  4:16  Protoss Ground Armor Level 1 (Chrono Boost)  
  33  4:26  Probe  
  32  4:40  Twilight Council  
  32  4:45  Robotics Facility  
  32  4:51  Pylon  
  32  4:55  Probe  
  33  5:09  Photon Cannon  
  33  5:21  Photon Cannon  
  33  5:32  Pylon  
  33  5:36  Probe  
  34  5:48  Probe  
  35  5:51  Stalker  
  35  5:54  Stalker  
  39  6:10  Protoss Ground Weapons Level 2 (Chrono Boost)  
  39  6:11  Observer  
  40  6:20  Stalker  
  40  6:24  Stalker  
  44  6:53  Immortal  
  48  6:56  Blink  
  46  7:11  Stalker x2  
  32  8:25  Stalker x2  
  36  8:29  Immortal  
  40  8:44  Nexus  
  40  8:46  Pylon  
  28  9:19  Immortal  
  28  9:24  Zealot x2  
  36  9:25  Protoss Ground Weapons Level 3 (Chrono Boost)  
  36  9:30  Dark Shrine  
  37  9:42  Mothership Core  
  38  9:59  Stargate  
  38  10:02  Immortal  
  38  10:03  Probe  
  43  10:07  Probe  
  44  10:15  Probe  
  45  10:23  Probe  
  45  10:27  Probe  
  47  10:43  Pylon, Assimilator  
  47  10:44  Assimilator  
  47  10:48  Oracle  
  50  10:55  Dark Templar  
  50  10:56  Dark Templar  
  54  11:08  Warp Prism  
  56  11:23  Oracle  
  59  11:29  Pylon  
  59  12:07  Dark Templar x2  
  63  12:15  Oracle  
  63  12:17  Warp Prism  
  55  12:53  Immortal  
  59  13:04  Dark Templar  
  61  13:12  Gateway  
  61  13:14  Probe  
  61  13:16  Probe  
  61  13:19  Dark Templar  
  65  13:33  Pylon  
  54  13:51  Zealot  
  54  13:52  Zealot  
Show
View Real Time Build Order
Export as new Build Order

Fropez Protoss - Winner!

Build Orders:  

Get SALT Encoding   

  12  0:01  Probe (Chrono Boost)  
  13  0:12  Probe (Chrono Boost)  
  14  0:23  Pylon  
  14  0:25  Probe (Chrono Boost)  
  15  0:39  Assimilator  
  15  0:41  Probe (Chrono Boost)  
  16  0:45  Gateway  
  16  0:52  Probe (Chrono Boost)  
  18  1:18  Probe (Chrono Boost)  
  18  1:24  Gateway  
  18  1:26  Pylon  
  18  1:28  Assimilator  
  18  1:35  Probe (Chrono Boost), Cybernetics Core  
  19  1:55  Nexus  
  19  2:02  Assimilator  
  19  2:03  Probe (Chrono Boost)  
  20  2:43  Pylon  
  19  2:56  Stalker, Mothership Core (Chrono Boost)  
  19  2:57  Stalker  
  25  3:13  Probe (Chrono Boost)  
  25  3:14  Pylon  
  26  3:25  Probe (Chrono Boost)  
  26  3:26  Probe (Chrono Boost)  
  28  3:27  Twilight Council  
  28  3:29  Adept x2  
  32  3:37  Probe x2 (Chrono Boost)  
  34  3:45  Warp Gate (Chrono Boost)  
  34  3:52  Gateway  
  34  3:56  Probe, Gateway  
  34  3:57  Probe  
  36  4:09  Charge (Chrono Boost)  
  36  4:13  Zealot  
  39  4:17  Probe  
  39  4:31  Robotics Facility  
  39  4:35  Probe  
  39  4:37  Probe  
  41  4:47  Assimilator  
  41  4:49  Assimilator  
  41  4:55  Probe  
  41  4:56  Probe  
  41  4:57  Pylon, Forge  
  43  5:02  Pylon  
  43  5:05  Probe  
  43  5:08  Probe  
  49  5:17  Observer (Chrono Boost)  
  46  5:29  Probe  
  46  5:30  Probe, Protoss Ground Weapons Level 1 (Chrono Boost)  
  48  5:44  Stalker x3  
  54  5:50  Photon Cannon  
  54  5:57  Probe  
  55  5:58  Photon Cannon  
  56  6:11  Probe x2  
  56  6:14  Nexus  
  57  6:23  Probe  
  57  6:25  Pylon  
  58  6:29  Zealot x3  
  61  6:34  Pylon  
  61  6:46  Immortal (Chrono Boost)  
  65  6:53  Zealot  
  63  7:17  Gateway  
  63  7:20  Probe, Gateway  
  63  7:24  Zealot  
  63  7:34  Pylon  
  63  7:36  Assimilator  
  63  7:37  Pylon  
  46  7:51  Stalker  
  44  7:59  Zealot x2  
  44  8:03  Probe  
  44  8:04  Probe x2  
  43  8:13  Probe  
  43  8:16  Probe  
  45  8:25  Zealot  
  45  8:26  Zealot x2  
  51  8:33  Probe  
  52  8:40  Nexus  
  52  8:43  Pylon  
  52  8:46  Assimilator  
  52  8:47  Assimilator  
  52  8:48  Zealot x3  
  54  8:49  Pylon  
  52  9:00  Resonating Glaives, Immortal (Chrono Boost)  
  56  9:03  Probe  
  56  9:04  Probe x2  
  56  9:09  Zealot x2  
  61  9:10  Zealot x3  
  67  9:17  Probe  
  67  9:18  Probe x2  
  70  9:27  Mothership Core  
  72  9:32  Pylon  
  72  9:33  Probe x2  
  74  9:45  Probe  
  75  9:46  Probe  
  75  9:47  Probe  
  75  9:50  Immortal (Chrono Boost)  
  81  9:54  Sentry x4  
  89  10:04  Assimilator, Protoss Ground Weapons Level 2  
  89  10:06  Assimilator  
  89  10:10  Gateway  
  89  10:11  Probe  
  89  10:13  Probe x2  
  90  10:14  Probe  
  90  10:15  Photon Cannon  
  90  10:17  Pylon  
  90  10:18  Pylon  
  93  10:34  Stalker x3  
  99  10:41  Observer (Chrono Boost)  
  100  10:50  Zealot  
  100  10:53  Probe x2  
  104  11:01  Pylon  
  104  11:08  Phoenix  
  104  11:09  Phoenix, Probe  
  104  11:10  Probe x2  
  107  11:11  Zealot x2  
  107  11:12  Zealot x4  
  107  11:15  Probe  
  120  11:19  Probe  
  121  11:27  Warp Prism (Chrono Boost)  
  117  11:47  Stalker x5  
  117  11:50  Probe x2  
  117  11:51  Probe x2  
  130  12:03  Probe  
  131  12:11  Gateway  
  131  12:15  Photon Cannon  
  131  12:18  Stalker x5  
  131  12:20  Photon Cannon  
  141  12:26  Probe  
  141  12:27  Probe x2  
  141  12:29  Pylon  
  144  12:31  Photon Cannon  
  144  12:40  Pylon  
  138  12:46  Photon Cannon  
  138  12:48  Zealot x5  
  138  12:49  Zealot  
  150  13:03  Gateway  
  150  13:06  Gateway  
  150  13:08  Gateway  
  150  13:10  Gateway  
  150  13:13  Gateway x2  
  150  13:17  Observer (Chrono Boost), Gateway  
  151  13:26  Pylon  
  151  13:30  Pylon, Zealot x3  
  151  13:31  Zealot x2  
  151  13:32  Pylon, Zealot  
  161  13:52  Zealot x5  
  161  13:53  Zealot  
  157  14:15  Stalker  
  157  14:16  Stalker x5  
Tags
 
Matchup
PvP
Replay Pack
All Mines
Spawn Locations
Cross Positions
Add a new tag
Caveats
  • Supply blocks, unpowered buildings, or Contaminate may cause inaccurate times.
  • Supply counts are checked every 10 seconds.